Map: Dreamcatcher LE

Players

Serral - Winner!

  • Race: Zerg Zerg
  • Spawn Location: 5:00

Lambo

  • Race: Zerg Zerg
  • Spawn Location: 11:00

Event: WCS Austin 2018

VOD

Have the link to the VOD?

Description

Time

  • Played on: June 3, 2018, 4:18 p.m.
  • Length: 12:05

All games in this series

Show
View Real Time Build Order
Export as new Build Order

Serral Zerg - Winner!

Build Orders: Hatch First, Lurkers, Roach Hydra 

Get SALT Encoding   

  12  0:00  Drone  
  13  0:13  Overlord  
  13  0:17  Drone  
  14  0:31  Drone x2  
  16  0:47  Hatchery  
  15  0:51  Drone  
  15  0:54  Drone  
  17  1:08  Spawning Pool  
  17  1:11  Extractor  
  15  1:13  Drone  
  15  1:17  Drone  
  17  1:20  Drone  
  18  1:29  Drone  
  19  1:39  Drone  
  20  1:49  Overlord  
  20  1:55  Queen  
  20  1:59  Queen  
  20  2:00  Drone  
  20  2:01  Drone  
  26  2:12  Drone, Zergling x2  
  28  2:21  Drone  
  28  2:22  Drone  
  30  2:32  Overlord  
  30  2:34  Drone  
  31  2:39  Evolution Chamber  
  31  2:42  Drone  
  31  2:43  Drone  
  32  2:45  Lair  
  32  2:53  Roach Warren  
  32  2:54  Drone x2  
  33  3:02  Drone x3  
  33  3:04  Zerg Missile Weapons Level 1  
  36  3:05  Drone  
  36  3:08  Drone  
  36  3:10  Drone  
  36  3:12  Drone  
  40  3:14  Drone  
  40  3:20  Overlord  
  40  3:23  Drone  
  40  3:24  Extractor  
  40  3:27  Drone  
  40  3:32  Extractor  
  40  3:34  Drone x4  
  40  3:39  Overlord  
  44  3:42  Glial Reconstitution  
  44  3:43  Drone x2  
  44  3:47  Overseer  
  46  3:49  Overlord  
  46  3:51  Overlord  
  46  3:56  Drone x3  
  46  3:58  Extractor  
  46  4:02  Roach  
  50  4:04  Roach  
  52  4:12  Hatchery  
  52  4:14  Drone  
  52  4:17  Roach  
  52  4:21  Roach  
  52  4:24  Overlord  
  56  4:26  Roach  
  56  4:27  Roach  
  60  4:39  Roach x3  
  66  4:46  Drone x4  
  66  4:48  Overlord  
  70  4:54  Queen  
  70  4:55  Queen  
  74  5:01  Overlord  
  74  5:05  Zerg Missile Weapons Level 2  
  74  5:14  Roach x4  
  74  5:19  Evolution Chamber  
  81  5:24  Overlord  
  81  5:25  Queen  
  84  5:34  Spore Crawler, Hydralisk Den  
  82  5:38  Spore Crawler, Drone x4  
  82  5:42  Drone x2  
  87  5:44  Drone  
  87  5:47  Spore Crawler  
  86  5:51  Drone x2  
  86  5:54  Drone  
  86  5:55  Extractor  
  86  5:56  Drone  
  88  5:58  Drone  
  88  6:00  Drone  
  88  6:01  Drone  
  91  6:10  Lurker Den  
  90  6:13  Drone x3  
  90  6:14  Extractor x2  
  90  6:15  Overlord  
  91  6:26  Drone  
  91  6:27  Spore Crawler, Drone  
  91  6:28  Overlord x2  
  91  6:32  Overlord, Spore Crawler  
  92  6:38  Muscular Augments  
  91  6:49  Drone x2  
  91  6:50  Hydralisk  
  91  6:51  Hydralisk x2  
  93  6:55  Hydralisk x2  
  93  7:00  Hydralisk x2  
  101  7:05  Roach x2  
  105  7:14  Hydralisk x2  
  105  7:15  Roach x2  
  113  7:24  Hydralisk x2  
  113  7:25  Roach x3  
  121  7:37  Lurker x5  
  122  7:38  Hydralisk  
  120  7:56  Hydralisk x9  
  115  8:04  Hydralisk x3  
  112  8:19  Hydralisk  
  112  8:20  Spore Crawler, Hydralisk x3  
  113  8:30  Grooved Spines  
  111  8:37  Drone x10  
  121  8:43  Drone  
  122  8:52  Hydralisk x2  
  120  8:58  Overlord x6  
  120  9:09  Spore Crawler, Zerg Ground Armor Level 1  
  119  9:13  Extractor  
  119  9:15  Hydralisk x2  
  123  9:30  Hydralisk x6  
  133  9:35  Extractor  
  133  9:38  Lurker x2  
  134  9:42  Lurker  
  135  9:52  Hydralisk x2  
  135  9:59  Hydralisk x2  
  139  10:00  Roach  
  141  10:12  Drone  
  141  10:13  Drone  
  140  10:14  Spore Crawler  
  140  10:15  Spore Crawler  
  140  10:16  Hydralisk x5  
  148  10:24  Hatchery  
  148  10:27  Hydralisk x3  
  153  10:41  Hydralisk x4  
  161  10:46  Overlord x5  
  161  11:05  Hydralisk x6  
  173  11:16  Hydralisk x5  
  183  11:19  Lurker  
  184  11:28  Hydralisk x3  
  184  11:31  Hydralisk  
  161  11:33  Hydralisk  
  161  11:35  Hydralisk  
  148  11:57  Spore Crawler x2  
Show
View Real Time Build Order
Export as new Build Order

Lambo Zerg 

Build Orders: Hatch First, Muta Ling Bane 

Get SALT Encoding   

  12  0:00  Drone  
  13  0:12  Overlord  
  13  0:16  Drone  
  14  0:30  Drone x2  
  16  0:47  Hatchery  
  15  0:51  Drone  
  15  0:54  Drone  
  17  0:57  Drone  
  18  1:08  Extractor  
  17  1:13  Spawning Pool  
  17  1:16  Drone  
  17  1:20  Drone  
  18  1:27  Drone  
  19  1:40  Drone  
  20  1:50  Overlord  
  20  1:59  Queen x2  
  20  2:00  Drone x2  
  26  2:11  Drone x2  
  28  2:22  Drone x2  
  30  2:32  Overlord  
  30  2:33  Drone  
  30  2:35  Queen  
  33  2:37  Lair  
  33  2:43  Drone x2  
  35  2:47  Evolution Chamber  
  35  2:50  Metabolic Boost  
  34  2:53  Drone x2  
  36  3:04  Drone x2  
  38  3:07  Drone  
  38  3:09  Drone x2  
  38  3:10  Drone  
  38  3:11  Drone x2  
  44  3:19  Overlord  
  44  3:21  Extractor  
  44  3:22  Extractor  
  44  3:27  Drone x2  
  44  3:29  Extractor  
  44  3:32  Drone  
  44  3:37  Drone  
  44  3:40  Drone  
  46  3:41  Drone x2  
  46  3:43  Drone  
  49  3:51  Drone x2  
  49  3:52  Spire  
  50  4:03  Hatchery  
  50  4:04  Drone x2  
  50  4:06  Drone  
  52  4:13  Overlord  
  52  4:14  Overseer  
  52  4:18  Overlord  
  52  4:29  Zerg Melee Weapons Level 1  
  52  4:31  Zergling x2  
  52  4:32  Zergling x12  
  52  4:36  Overlord  
  59  4:44  Overlord  
  59  4:45  Zergling x6  
  62  4:56  Unknown  
  62  5:02  Overlord  
  62  5:04  Mutalisk x4  
  70  5:09  Mutalisk  
  70  5:13  Drone x3  
  70  5:14  Drone  
  76  5:15  Zerg Flyer Weapons Level 1  
  76  5:17  Extractor  
  76  5:18  Drone  
  76  5:20  Extractor  
  75  5:22  Drone x2  
  75  5:24  Drone  
  75  5:25  Drone  
  75  5:28  Baneling Nest, Drone x2  
  80  5:32  Drone  
  81  5:36  Drone x2  
  81  5:42  Mutalisk  
  84  5:50  Mutalisk x4  
  92  6:00  Drone x6  
  92  6:03  Overlord  
  98  6:11  Centrifical Hooks  
  98  6:12  Overlord  
  98  6:14  Overlord  
  98  6:15  Overlord  
  98  6:16  Overlord  
  98  6:21  Mutalisk x2  
  98  6:22  Unknown x2  
  102  6:27  Mutalisk  
  102  6:30  Overlord  
  102  6:31  Mutalisk  
  106  6:37  Mutalisk  
  107  6:41  Mutalisk  
  107  6:46  Hatchery  
  104  6:51  Zergling x16  
  110  6:54  Mutalisk  
  110  6:59  Mutalisk  
  114  7:04  Mutalisk  
  116  7:09  Zergling x12  
  120  7:21  Zergling x16  
  123  7:29  Baneling x8  
  120  7:30  Baneling x2  
  120  7:36  Zergling x6  
  121  7:40  Baneling  
  121  7:41  Baneling x5  
  120  7:44  Baneling x4  
  116  7:52  Zergling x2  
  116  7:53  Zergling x8  
  116  7:56  Mutalisk  
  91  8:06  Drone x5  
  91  8:11  Mutalisk x2  
  100  8:15  Baneling x4  
  100  8:18  Drone  
  101  8:21  Drone x2  
  101  8:28  Mutalisk x2  
  101  8:30  Drone  
  101  8:31  Drone  
  105  8:34  Drone x2  
  102  8:41  Zergling x8  
  103  8:49  Drone x3  
  103  8:50  Drone  
  103  8:54  Extractor  
  103  8:55  Drone  
  103  8:56  Extractor, Drone  
  103  8:59  Mutalisk  
  103  9:01  Baneling x3  
  106  9:06  Mutalisk  
  106  9:09  Mutalisk  
  108  9:13  Drone  
  108  9:14  Drone  
  112  9:18  Drone x5  
  117  9:26  Mutalisk x2  
  117  9:30  Burrow  
  119  9:32  Mutalisk x2  
  119  9:34  Drone  
  124  9:47  Zergling x2  
  124  9:48  Zergling x18  
  124  9:52  Overseer  
  128  10:00  Zergling x14  
  128  10:01  Baneling x2  
  128  10:04  Baneling x3  
  135  10:09  Baneling x4  
  135  10:13  Drone x3  
  138  10:18  Mutalisk  
  138  10:21  Drone  
  140  10:32  Baneling x9  
  140  10:34  Pneumatized Carapace  
  138  10:40  Baneling  
  138  10:42  Overlord x2  
  138  10:56  Baneling x2  
  138  10:57  Baneling x4  
  138  10:59  Baneling x9  
  138  11:00  Overlord  
  138  11:02  Overlord  
  137  11:07  Overlord  
  137  11:08  Overlord  
  137  11:09  Baneling x6  
  137  11:15  Zergling x18  
  137  11:16  Baneling  
  137  11:17  Baneling x10  
  146  11:30  Zergling x8  
  125  11:34  Mutalisk  
Tags
 
Add a new tag
Caveats
  • Supply blocks, unpowered buildings, or Contaminate may cause inaccurate times.
  • Supply counts are checked every 10 seconds.